 Dungeon Crawl Stone Soup version 0.21.1-1-g345015f (webtiles) character file.

52 shakethe the Chopper (level 3, -1/28 HPs)
             Began as a Demonspawn Gladiator on Feb 27, 2018.
             Slain by Curus's ghost (7 damage)
             ... on level 3 of the Dungeon.
             The game lasted 00:01:17 (1394 turns).

shakethe the Chopper (Demonspawn Gladiator)         Turns: 1394, Time: 00:01:18

Health: -1/28      AC:  4    Str: 14    XL:     3   Next: 60%
Magic:  3/3        EV: 13    Int: 10    God:
Gold:   177        SH:  0    Dex: 14    Spells: 2/2 levels left

rFire    . . .     SeeInvis .   a - +0 war axe
rCold    . . .     Gourm    .   (no shield)
rNeg     . . .     Faith    .   b - +0 leather armour
rPois    .         Spirit   .   c - +0 helmet
rElec    .         Reflect  .   (no cloak)
rCorr    .         Harm     .   (no gloves)
MR       .....                  (no boots)
Stlth    +.........             (no amulet)
HPRegen  0.09/turn              (no ring)
MPRegen  0.08/turn              (no ring)

@: no status effects
A: hooves 1
a: no special abilities


You were on level 3 of the Dungeon.
You were not hungry.

You visited 1 branch of the dungeon, and saw 3 of its levels.

You collected 177 gold pieces.

Inventory:

Hand Weapons
 a - a +0 war axe (weapon)
Missiles
 d - 3 throwing nets {=f, !d}
Armour
 b - a +0 leather armour (worn)
 c - a +0 helmet (worn)
 t - a +0 pair of boots
   (You found it on level 3 of the Dungeon)
Wands
 l - a wand of acid (2)
   (You found it on level 2 of the Dungeon)
Scrolls
 g - 2 scrolls of enchant armour {unknown}
 i - 2 scrolls of fear {unknown}
 k - 2 scrolls of blinking {unknown}
 m - a scroll of enchant weapon {unknown}
 o - a scroll of identify {unknown}
 q - a scroll of noise {unknown}
 s - 3 scrolls of teleportation {unknown}
Potions
 e - 2 potions of might {unknown}
 h - 2 potions of degeneration {unknown}
 j - a potion of heal wounds {unknown}
 n - a potion of flight {unknown}
 p - a potion of curing {unknown}
 r - a potion of brilliance {unknown}
Comestibles
 f - 4 rations


   Skills:
 + Level 2.7 Fighting
 + Level 3.2 Axes
 - Level 2.0 Throwing
 + Level 3.2 Dodging


You had 2 spell levels left.
You didn't know any spells.

Dungeon Overview and Level Annotations

Branches:
Dungeon (3/15)

Altars:
Makhleb

Annotations:
D:3 Curus's ghost, novice MfTm


Innate Abilities, Weirdness & Mutations

You have large cloven feet.


Message History

Things that are here:
a short sword; a stone; a kobold corpse You take 9 damage, and have 19/28 hp.
MASSIVE DAMAGE!!
You see here a club.
There is a stone staircase leading up here.
Your leather armour prevents you from hitting the ball python.
Your kick misses the ball python. The ball python completely misses you.
The ball python grabs you. The ball python constricts you.
The ball python closely misses you. The ball python constricts you.
You take 1 damage, and have 18/28 hp.
You slash the ball python!
You kill the ball python!
You climb upwards.
There is a stone staircase leading down here.
You start resting.
Health restored: 28 You see here a ring mail.
Things that are here:
a dagger; a goblin skeleton
There is a stone staircase leading down here.
You climb downwards.
Level annotation: Curus's ghost, novice MfTm A bat comes into view.
Found six items.
Found an escape hatch in the ceiling.
A rat comes into view.
There is a stone staircase leading up here.
There are monsters nearby!
The bat hits you.
You take 1 damage, and have 27/28 hp.
The bat hits you.
You take 1 damage, and have 26/28 hp.
The bat closely misses you. The bat closely misses you.
The bat barely misses you. The bat barely misses you.
The bat barely misses you. The bat misses you. The bat hits you.
The bat misses you. The rat bites you but does no damage.
You slash the bat!
You kill the bat!
You hit the rat. The rat bites you but does no damage.
You hit the rat.
You kill the rat!
No target in view!
No target in view!
No target in view!
No target in view!
No target in view!
No target in view!
No target in view!
No target in view!
No target in view!
No target in view!
No target in view!
No target in view!
i - 2 scrolls labeled VOJISHR HEOVVEIGRE (gained 1)
r - a fuming cyan potion
s - 3 scrolls labeled ELA URAREXIFE
t - a pair of boots Health restored: 28 You are feeling hungry.
Save game and exit? [Y]es or [N]o only, please.
Save game and exit?
Okay, then.
You butcher the rat corpse.
u - a chunk of flesh {@w0@w0} Eating a chunk of flesh {@w0@w0}.
You eat the chunk of flesh {@w0@w0}.
Curus's ghost closely misses you.
You hit Curus's ghost but do no damage. Curus's ghost closely misses you.
You closely miss Curus's ghost.
You kick Curus's ghost, but do no damage.
Curus's ghost hits you.
You take 3 damage, and have 25/28 hp.
Unknown command.
You barely miss Curus's ghost. Your kick misses Curus's ghost.
Curus's ghost barely misses you. Curus's ghost closely misses you.
You hit Curus's ghost but do no damage. You kick Curus's ghost.
Curus's ghost hits you.
You take 2 damage, and have 23/28 hp.
You slash Curus's ghost! You kick Curus's ghost. Curus's ghost hits you!
You take 9 damage, and have 14/28 hp.
MASSIVE DAMAGE!!
Firing (i - inventory): No suitable missiles.
Aim: Curus's ghost (moderately damaged)
Okay, then.
Aim: Curus's ghost (moderately damaged)
The bolt of acid hits Curus's ghost.
Curus's ghost is splashed with acid.
Curus's ghost closely misses you.
Aim: Curus's ghost (heavily damaged)
The bolt of acid hits Curus's ghost.
Curus's ghost is splashed with acid.
The acid corrodes Curus's ghost!
Curus's ghost hits you!
* * * LOW HITPOINT WARNING * * *
You take 8 damage, and have 6/28 hp.
MASSIVE DAMAGE!!
Aim: Curus's ghost (severely damaged, covered in acid)
The bolt of acid misses Curus's ghost.
Curus's ghost hits you!
You die...

...........# .#.........##
#.......... #........#
..#........# ### ....##..#
..# #.....### #.#
...####.W.#### ##.######
.........@...###.(.....#
##########..<...........#
#..........)............#
#.......................#
#.......†...............#
...............<..........#
.....................######
#....................#
###.................##


You could see Curus's ghost.

Vanquished Creatures
  An adder (D:2)
  A worm (D:2)
  2 dart slugs
  A leopard gecko (D:1)
  3 bats
  4 giant cockroaches
  5 goblins
  2 hobgoblins (D:1)
  6 kobolds
  A quokka (D:2)
  A ball python (D:3)
  2 frilled lizards (D:1)
  4 rats
33 creatures vanquished.

Notes
Turn   | Place    | Note
-------+----------+-------------------------------------------
     0 | D:1      | shakethe the Demonspawn Gladiator began the quest for the Orb.
     0 | D:1      | Reached XP level 1. HP: 16/16 MP: 1/1
   176 | D:1      | Reached skill level 2 in Throwing
   176 | D:1      | Gained mutation: You have large cloven feet. [demonic ancestry]
   176 | D:1      | Reached XP level 2. HP: 22/22 MP: 2/2
   632 | D:2      | Reached skill level 3 in Axes
   746 | D:2      | Found a burning altar of Makhleb.
   766 | D:2      | Reached skill level 3 in Dodging
   798 | D:2      | Reached XP level 3. HP: 17/28 MP: 3/3
  1189 | D:3      | Noticed Curus's ghost (novice MfTm)
  1390 | D:3      | HP: 6/28 [Curus's ghost (9)]
  1394 | D:3      | Slain by Curus's ghost

Skill      XL: |  1  2 |
---------------+-------+-----
Throwing       | 2 |  2.0
Axes           | 3 |  3.2
Dodging        | 3 |  3.2
Fighting       | |  2.7

Action                   || total
-------------------------++-------
Melee: War axe           ||    78
       Kick              ||    15
Evoke: Wand              ||     3
 Stab: Sleeping          ||     1
  Eat: Chunk             ||     2
Armor: Leather armour    ||    18
Dodge: Dodged            ||    64

Vault maps used:
D:1:      ncdulo_watergridlock
D:2:      lemuel_doored_altar
D:3:      lemuel_round_altar, overflow_temple_1_default

Table legend:
 A = Turns spent in this place as a percentage of turns spent in the entire game.
 B = Non-inter-level travel turns spent in this place as a percentage of non-inter-level travel turns spent in the entire game.
 C = Inter-level travel turns spent in this place as a percentage of turns spent in this place.
 D = Turns resting spent in this place as a percentage of non-inter-level travel turns spent in this place.
 E = Turns spent auto-exploring this place as a percentage of non-inter-level travel turns spent in this place.
 F = Non-inter-level travel turns spent in this place divided by the number of levels of this place that you've seen.
                   A       B       C       D       E      F
               +-------+-------+-------+-------+-------+----------------------
         Total | 100.0 | 100.0 |   4.7 |  16.0 |  69.3 | 443.0
       Dungeon | 100.0 | 100.0 |   4.7 |  16.0 |  69.3 | 443.0
               +-------+-------+-------+-------+-------+----------------------

Table legend:
 A = Kills in this place as a percentage of kills in entire the game.
 B = Kills by you in this place as a percentage of kills by you in the entire game.
 C = Kills by friends in this place as a percentage of kills by friends in the entire game.
 D = Other kills in this place as a percentage of other kills in the entire game.
 E = Experience gained in this place as a percentage of experience gained in the entire game.
 F = Experience gained in this place divided by the number of levels of this place that you have seen.
                   A       B       C       D       E      F
               +-------+-------+-------+-------+-------+----------------------
         Total | 100.0 | 100.0 |   N/A |   N/A | 100.0 |  25.0
       Dungeon | 100.0 | 100.0 |   N/A |   N/A | 100.0 |  25.0
               +-------+-------+-------+-------+-------+----------------------
